[Event "SRB-chT Women 1st League 2019"]
[Site "Subotica"]
[Date "2019.08.31"]
[Round "10"]
[White "Vuckovic, Lidija"]
[Black "Miladinovic, Lena"]
[Result "0-1"]
[ECO "B26"]
[WhiteElo "1866"]
[BlackElo "2119"]
[Annotator "NA"]
[PlyCount "28"]
[EventDate "2019.08.23"]
[EventType "team-tourn"]
[EventCountry "SRB"]
[SourceTitle "playchess.com"]
[Source "ChessBase"]
[SourceQuality "1"]
[TimeControl "40/5400+30:1800+30"]

1. e4 c5 2. Nc3 Nc6 3. g3 g6 4. Bg2 Bg7 5. d3 d6 6. Be3 Nd4 7. Nge2 Bg4 8. O-O Qd7 9. Rb1 Nf3+ 10. Kh1 h5 11. Qc1 h4 12. Ng1 hxg3 13. Nxf3 Bxf3 14. fxg3 Qh3 0-1

[Event "SRB-chT Women 1st League 2019"]
[Site "Subotica"]
[Date "2019.09.01"]
[Round "11"]
[White "Batsiashvili, Nino"]
[Black "Belenkaya, Dina"]
[Result "1-0"]
[ECO "A14"]
[WhiteElo "2416"]
[BlackElo "2298"]
[Annotator "RC"]
[PlyCount "73"]
[EventDate "2019.??.??"]
[EventCountry "SRB"]
[SourceTitle "playchess.com"]
[Source "ChessBase"]
[SourceQuality "1"]
[TimeControl "40/5400+30:1800+30"]

1. Nf3 d5 2. c4 d4 3. g3 Nc6 4. Bg2 e5 5. d3 Bb4+ 6. Nbd2 a5 7. O-O Nf6 8. a3 Be7 9. b3 O-O 10. Rb1 Re8 11. Ne1 h5 12. Nc2 Bg4 13. b4 Qd7 14. b5 Nd8 15. Nf3 Bc5 16. Ng5 c6 17. Na1 a4 18. Nc2 Bf5 19. Re1 Ne6 20. bxc6 bxc6 21. Nb4 Rec8 22. Qc2 Ra7 23. Bd2 Bf8 24. Nxe6 Qxe6 25. e3 Bc5 26. exd4 Bxd4 27. Bc3 Bxc3 28. Qxc3 Nd7 29. f4 f6 30. Rb2 Qd6 31. fxe5 fxe5 32. Rf2 Bg6 33. Bh3 Rf8 34. Rxf8+ Kxf8 35. Bxd7 Rxd7 36. c5 Qe6 37. Qxe5 1-0

[Event "SRB-chT Women 1st League 2019"]
[Site "Subotica"]
[Date "2019.09.01"]
[Round "11"]
[White "Stojanovic, Andjelija"]
[Black "Kovacevic, Radmila"]
[Result "*"]
[ECO "B27"]
[WhiteElo "2350"]
[BlackElo "2117"]
[Annotator "RC"]
[PlyCount "21"]
[EventDate "2019.??.??"]
[EventCountry "SRB"]
[SourceTitle "playchess.com"]
[Source "ChessBase"]
[SourceQuality "1"]
[TimeControl "40/5400+30:1800+30"]

1. Nf3 b6 2. e4 Bb7 3. Nc3 c5 4. d4 cxd4 5. Nxd4 Nf6 6. e5 Nd5 7. Nxd5 Bxd5 8. Nb5 Bc6 9. Bg5 Qc8 10. Qd4 h6 11. Bh4 *

[Event "SRB-chT Women 1st League 2019"]
[Site "Subotica"]
[Date "2019.09.01"]
[Round "11"]
[White "Petronic, Sanja"]
[Black "Nestorovic, Irena"]
[Result "1-0"]
[ECO "C45"]
[WhiteElo "2205"]
[BlackElo "2050"]
[Annotator "ChessBase"]
[PlyCount "67"]
[EventDate "2019.??.??"]
[EventCountry "SRB"]
[SourceTitle "playchess.com"]
[Source "ChessBase"]
[SourceQuality "1"]
[TimeControl "40/5400+30:1800+30"]

1. e4 e5 2. Nf3 Nc6 3. d4 exd4 4. Nxd4 Bc5 5. Be3 Bb6 6. Nf5 Bxe3 7. Nxe3 d6 8. Nc3 Nf6 9. Be2 O-O 10. f4 Re8 11. Bf3 Bd7 12. Qd2 a5 13. O-O Nb4 14. Rad1 Bc6 15. Ned5 Nbxd5 16. exd5 Bd7 17. Rde1 Bf5 18. Rxe8+ Qxe8 19. Re1 Qd7 20. a4 Re8 21. Rxe8+ Nxe8 22. Qe2 Nf6 23. Nb5 Kf8 24. h3 Qe7 25. Qxe7+ Kxe7 26. Nd4 Bd7 27. b3 g6 28. Kf2 h5 29. Ke3 Ne8 30. f5 Kf6 31. fxg6 fxg6 32. h4 Ke5 33. Be4 Nf6 34. Nf3# 1-0

[Event "SRB-chT Women 1st League 2019"]
[Site "Subotica"]
[Date "2019.09.01"]
[Round "11"]
[White "Nonkovic, Bogdana"]
[Black "Gakovic, Isidora"]
[Result "0-1"]
[ECO "E17"]
[WhiteElo "2062"]
[BlackElo "1745"]
[Annotator "NA"]
[PlyCount "54"]
[EventDate "2019.??.??"]
[EventCountry "SRB"]
[SourceTitle "playchess.com"]
[Source "ChessBase"]
[SourceQuality "1"]
[TimeControl "40/5400+30:1800+30"]

1. Nf3 e6 2. c4 Nf6 3. g3 d5 4. d4 b6 5. Bg2 Bb7 6. O-O Be7 7. Re1 O-O 8. Ne5 c5 9. cxd5 Bxd5 10. Nf3 cxd4 11. Qxd4 Bc5 12. Qh4 Ne4 13. e3 Be7 14. Qh3 Bf6 15. Nbd2 Na6 16. Nxe4 Bxe4 17. Ng5 Bg6 18. Ne4 Rc8 19. Nxf6+ Qxf6 20. e4 Rc2 21. f4 Nc5 22. e5 Qe7 23. Be3 Nd3 24. Red1 Nxb2 25. Rd4 Qa3 26. Bf2 Qc3 27. g4 Nd3 0-1

[Event "SRB-chT Women 1st League 2019"]
[Site "Subotica"]
[Date "2019.09.01"]
[Round "11"]
[White "Tomin, Ksenija"]
[Black "Zarkovic, Mila"]
[Result "0-1"]
[ECO "B50"]
[WhiteElo "2041"]
[BlackElo "2141"]
[Annotator "ChessBase"]
[PlyCount "54"]
[EventDate "2019.??.??"]
[EventCountry "SRB"]
[SourceTitle "playchess.com"]
[Source "ChessBase"]
[SourceQuality "1"]
[TimeControl "40/5400+30:1800+30"]

1. e4 c5 2. Nf3 d6 3. c3 Nf6 4. h3 Nc6 5. Bd3 d5 6. exd5 Qxd5 7. Qe2 Bf5 8. Bc4 Qd7 9. O-O e6 10. d4 Rd8 11. Ne5 Qc7 12. Bf4 Qb6 13. a4 cxd4 14. Bb5 Nd5 15. Bd2 a6 16. Bxc6+ bxc6 17. cxd4 Bd6 18. Qc4 O-O 19. Rc1 Bxe5 20. dxe5 Qxb2 21. Ra2 Qxe5 22. Qxc6 Nf4 23. Be3 Be4 24. Qc5 Qxc5 25. Bxc5 Nd3 26. Bxf8 Nxc1 27. Rd2 Rxf8 0-1

[Event "SRB-chT Women 1st League 2019"]
[Site "Subotica"]
[Date "2019.09.01"]
[Round "11"]
[White "Vujcic, Milena"]
[Black "Benderac, Ana"]
[Result "1/2-1/2"]
[ECO "B08"]
[WhiteElo "1976"]
[BlackElo "2228"]
[Annotator "ChessBase"]
[PlyCount "54"]
[EventDate "2019.??.??"]
[EventCountry "SRB"]
[SourceTitle "playchess.com"]
[Source "ChessBase"]
[SourceQuality "1"]
[TimeControl "40/5400+30:1800+30"]

1. e4 g6 2. d4 Bg7 3. Nf3 d6 4. Nc3 Nf6 5. h3 O-O 6. Be3 a6 7. a4 Nc6 8. Be2 e5 9. d5 Ne7 10. O-O Ne8 11. Nd2 f5 12. f3 f4 13. Bf2 g5 14. a5 Nf6 15. Na4 Ng6 16. c4 Rf7 17. b4 h5 18. c5 Bf8 19. c6 bxc6 20. dxc6 Be6 21. Nb3 g4 22. hxg4 hxg4 23. fxg4 Qc8 24. Nc3 Nxg4 25. b5 axb5 26. Nxb5 Nxf2 27. Rxf2 Be7 1/2-1/2

[Event "SRB-chT Women 1st League 2019"]
[Site "Subotica"]
[Date "2019.09.01"]
[Round "11"]
[White "Pihajlic, Amalija"]
[Black "Chelushkina, Irina"]
[Result "0-1"]
[ECO "B07"]
[WhiteElo "1889"]
[BlackElo "2275"]
[Annotator "ChessBase"]
[PlyCount "46"]
[EventDate "2019.??.??"]
[EventCountry "SRB"]
[SourceTitle "playchess.com"]
[Source "ChessBase"]
[SourceQuality "1"]
[TimeControl "40/5400+30:1800+30"]

1. e4 c5 2. c3 d6 3. d4 Nf6 4. f3 Qc7 5. Be3 e6 6. Bb5+ Bd7 7. Bxd7+ Nbxd7 8. Ne2 Be7 9. O-O O-O 10. c4 cxd4 11. Qxd4 d5 12. cxd5 Bc5 13. Qd2 exd5 14. exd5 Nxd5 15. Bxc5 Qxc5+ 16. Nd4 Ne5 17. Na3 Rad8 18. Rfd1 Nb4 19. Rac1 Qb6 20. Nc4 Nxc4 21. Rxc4 Nc6 22. b4 Rxd4 23. Rxd4 Rd8 0-1